 Dungeon Crawl Stone Soup version 0.30-a0-964-gd452b5e7fa (webtiles) character file.

Game seed: 17995747910201656485

28352 vishdafish the Devastator (level 13, 66/79 HPs)
             Began as a Demonspawn Conjurer on Mar 30, 2023.
             Was a High Priest of Vehumet.
             Quit the game on level 3 of the Lair of Beasts.
             The game lasted 00:36:17 (17416 turns).

vishdafish the Devastator (Demonspawn Conjurer)    Turns: 17416, Time: 00:36:17

Health: 66/79      AC:  5    Str:  8    XL:     13   Next: 9%
Magic:  25/39      EV: 13    Int: 27    God:    Vehumet [*****.]
Gold:   247        SH:  0    Dex: 24    Spells: 23/39 levels left

rFire   + . .      SeeInvis .    S - +2 rapier "Qoism" {freeze, *Slow rC- Int+3 Dex+8}
rCold   x . .      Faith    .    (no shield)
rNeg    . . .      Spirit   .    M - +1 robe {Archmagi}
rPois   .          Reflect  .    s - +1 hat
rElec   .          Rampage  .    u - +0 cloak
rCorr   .          Archmagi +    (gloves unavailable)
Will    .....                    (no boots)
Stlth   ++++                     (no amulet)
HPRegen 2.33/turn                H - ring of magical power
MPRegen 0.26/turn                B - ring of protection from fire

@: very slightly contaminated
A: thin skeletal structure 2, demonic guardian 1, powered by death 2, demonic
touch 3
a: Renounce Religion


You were on level 3 of the Lair of Beasts.
You worshipped Vehumet.
Vehumet was extremely pleased with you.
You visited 3 branches of the dungeon, and saw 15 of its levels.
You also visited: Ossuary.

You collected 1126 gold pieces.
You spent 879 gold pieces at shops.

Inventory:

Hand Weapons
 i - a +0 dagger of freezing
 m - the +3 dagger of Integrity {heavy, rPois}
   (You took it off an orc on level 2 of the Dungeon)

   rPois:     It protects you from poison.
 t - the +5 woodcutter's axe
   (You found it on level 3 of the Dungeon)
 J - a +4 hand axe
 N - a +3 scimitar of flaming
 S - the +2 rapier "Qoism" (weapon) {freeze, *Slow rC- Int+3 Dex+8}
   (You bought it in a shop on level 10 of the Dungeon)

   Int:       It affects your intelligence (+3).
   Dex:       It affects your dexterity (+8).
   rC:        It makes you vulnerable to cold.
   *Slow:     It may slow you when you take damage.
 T - the +6 eveningstar "Xaeruic" {heavy, Stlth+}
   (You bought it in a shop on level 10 of the Dungeon)

   Stlth:     It makes you more stealthy.
Missiles
 y - 6 curare-tipped darts
Armour
 a - a +0 robe
 s - a +1 hat (worn)
 u - a +0 cloak (worn)
 w - a +2 pair of gloves of stealth
 M - a +1 robe of the Archmagi (worn)
Jewellery
 k - an amulet of faith
 n - a ring of resist corrosion
 B - a ring of protection from fire (right hand)
 H - a ring of magical power (left hand)
 I - a ring of ice
Wands
 v - a wand of roots (23)
 G - a wand of paralysis (12)
 K - a wand of polymorph (10)
 R - a wand of digging (14)
Scrolls
 b - 5 scrolls of fog
 f - 3 scrolls of torment
 l - 4 scrolls of identify
 q - 2 scrolls of noise
 r - 5 scrolls of poison
 A - 4 scrolls of enchant armour
 D - 4 scrolls of blinking
 E - 4 scrolls of magic mapping
 F - 3 scrolls of fear
 L - 2 scrolls of immolation
 O - 2 scrolls of vulnerability
 U - 2 scrolls of enchant weapon {unknown}
Potions
 c - 2 potions of attraction
 d - a potion of heal wounds
 e - a potion of brilliance
 g - 2 potions of haste
 h - 3 potions of cancellation
 o - 3 potions of resistance
 p - 2 potions of lignification
 x - 5 potions of degeneration
 z - 3 potions of flight
 C - 2 potions of berserk rage {unknown}
 P - 3 potions of mutation {unknown}
 Q - 2 potions of might
Miscellaneous
 j - a tin of tremorstones (2/2)


   Skills:
 - Level 6.5 Axes
 - Level 1.7 Dodging
 - Level 1.7 Stealth
 + Level 13.9 Spellcasting
 + Level 15.4 Conjurations


You had 23 spell levels left.
You knew the following spells:

 Your Spells              Type           Power      Damage    Failure   Level
a - Magic Dart            Conj           100%       1d8       0%          1
b - Fulminant Prism       Conj/Hex       37%        3d18      1%          4
c - Iskenderun's Mystic   Conj/Tloc      74%        2d15      1%          4
d - Momentum Strike       Conj/Tloc      100%       3d10      1%          2
e - Irradiate             Conj/Tmut      37%        3d24      1%          5

Your spell library contained the following spells:

 Spells                   Type           Power      Damage    Failure   Level
 Fireball                 Conj/Fire      37%        3d15      1%          5
 Searing Ray              Conj           100%       2d8       0%          2
 Dazzling Flash           Conj/Hex       100%       N/A       1%          3
 Iskenderun's Battlesphe  Conj           100%       2d15      1%          5
 Kindle Blastsparks       Fire/Tloc/Air  56%        2d14      2%          3
 Ozocubu's Armour         Ice            28%        N/A       9%          3
 Vampiric Draining        Necr           28%        2d8       9%          3
 Lee's Rapid Deconstruct  Erth           14%        3d9*      21%         5
 Metabolic Englaciation   Hex/Ice        14%        N/A       63%         5
 Simulacrum               Ice/Necr       14%        N/A       99%         6


Dungeon Overview and Level Annotations

Branches:
Dungeon (10/15)            Temple (1/1) D:5            Lair (4/5) D:10
  Swamp (0/4) Lair:2        Snake (0/4) Lair:2      Ossuary (visited)
  Slime: Lair:4-5       Orc: D:9-12

Altars:
Ashenzari
Cheibriados
Dithmenos
Fedhas
Gozag
Hepliaklqana
Kikubaaqudgha
Makhleb
Nemelex Xobeh
Okawaru
Qazlal
Ru
Sif Muna
Trog
Uskayaw
Vehumet
Wu Jian
Xom
Yredelemnul

Shops:
D:4 =   D:8 *   D:9 ?   D:10 (=

Annotations:
Lair:1 1 runed translucent door, Jib19100's ghost, novice MiBe


Innate Abilities, Weirdness & Mutations

You have a moderately thin skeletal structure. (Dex +4, Stealth++)
A weak demonic guardian rushes to your aid.
You regenerate health from kills.
Your touch may irresistibly damage your foes and sap their willpower.


Message History

You are very lightly contaminated with residual magic.
Casting: Irradiate (dangerous; 1% risk of failure)
Confirm with . or Enter, or press ? or * to list all spells.
You feel a surge of power!
You erupt in a blast of force!
The mystic blast hits the yak!
The yak is moderately wounded.
The mystic blast hits the fungus!
The fungus is lightly damaged.
The mystic blast hits the yak!!
The yak is heavily wounded.
The yak is knocked back by the mystic blast.
The yak collides with the yak!
The yak is heavily wounded.
The yak is almost dead.
Casting: Iskenderun's Mystic Blast (safe; 1% risk of failure)
Confirm with . or Enter, or press ? or * to list all spells.
You feel a surge of power!
You erupt in a blast of force!
The mystic blast hits the yak!
The yak is almost dead.
The mystic blast hits the fungus!!
The fungus is moderately damaged.
The mystic blast hits the yak!
You kill the yak!
Vehumet accepts your kill.
You feel your power returning.
Unknown command.
Casting: Iskenderun's Mystic Blast (safe; 1% risk of failure)
Confirm with . or Enter, or press ? or * to list all spells.
You feel a surge of power!
You erupt in a blast of force!
The mystic blast hits the fungus!!
The fungus is moderately damaged.
The mystic blast hits the yak.
You kill the yak!
Vehumet accepts your kill.
You feel your power returning.
A nearby fungus withers and dies.
Saving game... please wait.
Welcome back, vishdafish the Demonspawn Conjurer.
Vehumet says: Let it end in hellfire!
Press ? for a list of commands and other information.
Are you sure you want to abandon this character and quit the game? (Confirm with "yes".)

##.# ##....#### #.... #####..
##.####.....# ##......##...##.
#....###....#####P.......#P...##.
............#.#..........+....#..
#.....##....#.#..........##...##†
####.###..................#....<.
# ###.....####..#......#.###.#. #
##....# #..#......##.P##.. ..
.......P #@..#............. ...
...........††................
..........>......................
.....<...........................
....................P###.#.#.
................##.###..
..#....P##......#######.
..#.#####......†.+..##..
..#.....##...###.


There were no monsters in sight!

Vanquished Creatures
  A hydra (Lair:2)
  Erica (D:9)
  A two-headed ogre (D:10)
  Pikel (D:4)
  A faun (Lair:1)
  4 black mambas
  8 cane toads
  Maggie (D:9)
  3 rime drakes
  3 unseen horrors (D:10)
  7 komodo dragons
  A gargoyle (D:10)
  5 trolls
  8 blink frogs
  A wraith (D:10)
  Sigmund (D:4)
  3 wyverns
  A vampire (D:10)
  32 yaks
  3 basilisks
  Edmund (D:5)
  4 nagas (Lair:2)
  Duvessa (D:6)
  7 water moccasins
  A sky beast (D:7)
  2 black bears (D:5)
  6 orc warriors
  4 ice beasts
  36 wolves
  4 centaurs
  3 lemures
  2 kobold brigands
  A phantom (D:4)
  3 elf zombies (Ossuary)
  13 bullfrogs
  A gnoll sergeant (D:3)
  2 scorpions
  Dowan (D:6)
  14 wights
  4 killer bees (D:9)
  2 howler monkeys
  3 hounds
  3 human zombies (Ossuary)
  5 orc priests
  2 jellies
  2 gnoll boudas
  Terence (D:2)
  Jessica (D:2)
  4 iguanas
  Ijyb (D:3)
  Natasha (twice) (D:3)
  9 orc wizards
  A sleepcap (D:7)
  4 hell rats (Lair:1)
  A hound zombie (Ossuary)
  3 mummies (Ossuary)
  13 gnolls
  8 adders
  A shadow imp (D:6)
  3 white imps
  2 ufetubi
  3 adder zombies (Ossuary)
  3 worms
  5 dart slugs
  33 orcs
  6 bats
  3 endoplasms
  4 giant cockroaches
  3 gnoll zombies (Ossuary)
  2 goblins
  5 hobgoblins
  20 kobolds
  2 quokkas (D:1)
  5 ball pythons
  4 frilled lizards
  6 goblin zombies (Ossuary)
  3 hobgoblin zombies (Ossuary)
  4 jackal zombies (Ossuary)
  4 kobold zombies (Ossuary)
  An orc zombie (Ossuary)
  A quokka zombie (Ossuary)
  4 rats
  4 rat zombies (Ossuary)
  2 butterflies (Lair:2)
394 creatures vanquished.

Vanquished Creatures (others)
  8 fulminant prisms (Lair:2)
  10 fungi
  10 plants
28 creatures vanquished.

Grand Total: 422 creatures vanquished

Notes
Turn   | Place    | Note
-------+----------+-------------------------------------------
     0 | D:1      | vishdafish the Demonspawn Conjurer began the quest for the
                  | Orb.
     0 | D:1      | Reached XP level 1. HP: 13/13 MP: 3/3
   468 | D:1      | Gained mutation: Your touch may inflict minor irresistible
                  | damage on your foes. [demonic ancestry]
   468 | D:1      | Reached XP level 2. HP: 19/19 MP: 3/5
   662 | D:1      | Reached XP level 3. HP: 13/24 MP: 0/7
  1230 | D:2      | Noticed Jessica
  1234 | D:2      | Killed Jessica
  1235 | D:2      | Gained mutation: You regenerate a little health from kills.
                  | [demonic ancestry]
  1235 | D:2      | Reached XP level 4. HP: 30/30 MP: 3/8
  1238 | D:2      | Identified the +3 dagger of Integrity {heavy, rPois}
  1399 | D:2      | Reached skill level 5 in Conjurations
  1609 | D:2      | Found a sacrificial altar of Ru.
  1885 | D:2      | Noticed Terence
  1904 | D:2      | Killed Terence
  1905 | D:2      | Reached XP level 5. HP: 16/35 MP: 6/10
  2081 | D:3      | You fall into a shaft and drop 3 floors!
  2107 | D:6      | Noticed an ice beast
  2125 | D:6      | Noticed an orc warrior
  2219 | D:5      | Entered Level 5 of the Dungeon
  2274 | D:5      | Found a shadowy altar of Dithmenos.
  2711 | D:5      | Noticed a phantom
  2713 | D:5      | Noticed a centaur
  2718 | D:4      | Found Dibae's Jewellery Shop.
  2723 | D:4      | Killed a phantom
  2724 | D:4      | Reached skill level 6 in Conjurations
  2724 | D:4      | Gained mutation: You have a somewhat thin skeletal
                  | structure. (Dex +2, Stealth+) [demonic ancestry]
  2724 | D:4      | Reached XP level 6. HP: 35/41 MP: 1/12
  2858 | D:3      | Noticed Ijyb
  2874 | D:3      | Killed Ijyb
  3018 | D:3      | Found an opulent altar of Gozag.
  3373 | D:3      | Noticed Natasha
  3379 | D:3      | Killed Natasha
  3481 | D:3      | Noticed Natasha
  3488 | D:3      | Killed Natasha
  3675 | D:3      | Found the +5 woodcutter's axe
  3687 | D:3      | Reached skill level 5 in Spellcasting
  4008 | D:4      | Gained mutation: Your touch may inflict irresistible damage
                  | on your foes. [demonic ancestry]
  4008 | D:4      | Reached XP level 7. HP: 46/46 MP: 14/14
  4721 | D:4      | Reached skill level 1 in Axes
  4774 | D:4      | Noticed Sigmund
  5006 | D:5      | Noticed Pikel
  5008 | D:5      | Noticed Edmund
  5381 | D:4      | Killed Sigmund
  5382 | D:4      | Reached XP level 8. HP: 42/52 MP: 10/16
  5761 | D:4      | Killed Pikel
  5883 | D:5      | Killed Edmund
  5884 | D:5      | Reached skill level 7 in Conjurations
  6099 | D:5      | Found a staircase to the Ecumenical Temple.
  6126 | Temple   | Entered the Ecumenical Temple
  6328 | Temple   | Became a worshipper of Vehumet
  6645 | D:5      | Found a burning altar of Makhleb.
  6696 | D:6      | Noticed Duvessa
  6697 | D:6      | Noticed Dowan
  6713 | D:6      | Killed Duvessa
  6714 | D:6      | Killed Dowan
  6823 | D:6      | Reached XP level 9. HP: 31/57 MP: 12/18
  6967 | D:6      | Reached skill level 8 in Conjurations
  7212 | D:6      | Reached * piety under Vehumet
  7212 | D:6      | Offered knowledge of Shock by Vehumet.
  7387 | D:6      | Got Zedu's Omnibus of the Damned and Impulse
  7491 | D:6      | HP: 1/57 [orc warrior/+0 hand axe (4)]
  7824 | D:6      | Found a hazy altar of Hepliaklqana.
  7824 | D:6      | Found an iron altar of Okawaru.
  8264 | D:7      | Learned a level 4 spell: Fulminant Prism
  8269 | D:7      | Learned a level 4 spell: Iskenderun's Mystic Blast
  8326 | D:7      | Reached skill level 9 in Conjurations
  8689 | D:7      | Found a sand-covered staircase.
  8694 | Ossuary  | Entered an ossuary
  8939 | Ossuary  | Reached ** piety under Vehumet
  8939 | Ossuary  | Offered knowledge of Momentum Strike by Vehumet.
  9015 | Ossuary  | Learned a level 2 spell: Momentum Strike
  9186 | Ossuary  | Offered knowledge of Ignite Poison by Vehumet.
  9739 | D:7      | Gained mutation: You have a moderately thin skeletal
                  | structure. (Dex +4, Stealth++) [demonic ancestry]
  9739 | D:7      | Reached XP level 10. HP: 54/63 MP: 13/22
  9994 | D:8      | Reached *** piety under Vehumet
 10071 | D:8      | Reached skill level 10 in Conjurations
 10665 | D:8      | Found Qaudwa's Fire Supplies.
 10672 | D:8      | Bought a scroll of immolation for 52 gold pieces
 10961 | D:8      | Offered knowledge of Sticky Flame by Vehumet.
 11543 | D:9      | Noticed Erica
 11697 | D:9      | Killed Erica
 11698 | D:9      | Reached skill level 11 in Conjurations
 11863 | D:9      | Reached skill level 10 in Spellcasting
 11944 | D:9      | Found Itucioll's Magic Scroll Boutique.
 11954 | D:9      | Bought a scroll of vulnerability for 44 gold pieces
 11993 | D:9      | Noticed Maggie
 12012 | D:9      | Killed Maggie
 12122 | D:9      | Found a bloodstained altar of Trog.
 12567 | D:9      | Gained mutation: Your touch may irresistibly damage your
                  | foes and sap their willpower. [demonic ancestry]
 12567 | D:9      | Reached XP level 11. HP: 61/68 MP: 17/25
 12770 | D:10     | Entered Level 10 of the Dungeon
 12781 | D:10     | Reached **** piety under Vehumet
 13059 | D:10     | Reached skill level 12 in Conjurations
 13138 | D:10     | Found Joitugoq's Jewellery Emporium.
 13177 | D:10     | Found a staircase to the Lair.
 13238 | D:10     | Noticed a two-headed ogre
 13247 | D:10     | Offered knowledge of Irradiate by Vehumet.
 13255 | D:10     | Killed a two-headed ogre
 13263 | D:10     | Identified the +2 robe of Fashionability {Will+ Str+3
                  | Stlth+}
 13624 | D:10     | Found Kolijo Dushu's Antique Weapon Emporium.
 13634 | D:10     | Bought a faintly glowing rapier for 243 gold pieces
 13634 | D:10     | Identified the +2 rapier "Qoism" {freeze, *Slow rC- Int+3
                  | Dex+8} (You bought it in a shop on level 10 of the Dungeon)
 13634 | D:10     | Bought a pitted eveningstar for 540 gold pieces
 13634 | D:10     | Identified the +6 eveningstar "Xaeruic" {heavy, Stlth+}
                  | (You bought it in a shop on level 10 of the Dungeon)
 13696 | D:10     | Found a large runed translucent door.
 13697 | D:10     | Found a large runed translucent door.
 13785 | D:10     | Found a broken altar of Ashenzari.
 13858 | D:10     | Found a blossoming altar of Fedhas.
 14027 | Lair:1   | Entered Level 1 of the Lair of Beasts
 14092 | Lair:1   | Reached skill level 13 in Conjurations
 14230 | D:10     | Learned a level 5 spell: Irradiate
 14406 | Lair:1   | Gained mutation: You regenerate health from kills. [demonic
                  | ancestry]
 14406 | Lair:1   | Reached XP level 12. HP: 69/74 MP: 21/28
 14848 | Lair:1   | Reached ***** piety under Vehumet
 14848 | Lair:1   | Offered knowledge of Fireball by Vehumet.
 15203 | Lair:1   | Reached skill level 14 in Conjurations
 15371 | Lair:1   | Identified the +1 trident "Ytintemi" {heavy, Will+ Int+4}
 15374 | Lair:1   | Found a runed translucent door.
 15377 | Lair:1   | Noticed Jib19100's ghost (novice MiBe)
 15576 | Lair:2   | Found a staircase to the Swamp.
 15634 | Lair:2   | Noticed an eight-headed hydra
 15697 | Lair:2   | Killed an eight-headed hydra
 16291 | Lair:2   | Reached skill level 15 in Conjurations
 16547 | Lair:2   | Found a staircase to the Snake Pit.
 17131 | Lair:3   | You fall into a shaft and drop 1 floor!
 17261 | Lair:3   | Gained mutation: A weak demonic guardian rushes to your
                  | aid. [demonic ancestry]
 17261 | Lair:3   | Reached XP level 13. HP: 79/79 MP: 30/30
 17416 | Lair:3   | Quit the game

Illustrated notes

Levels and vault maps discovered:
D:1:      lightli_arrival_chessboard, layout_basic, grunt_decor_junction
D:2:      layout_loops_ring, basic_altar, uniq_jessica, uniq_terence
D:3:      layout_basic, zin_treasury, amcnicky_altar_gilded,
          pf_guarded_unrand_woodcutter, uniq_ijyb, uniq_natasha
D:4:      layout_basic, serial_shops, nicolae_stop_n_shop_1, uniq_sigmund
D:5:      layout_basic, nicolae_dithmenos_through_a_glass_darkly,
          marbit_many_paths, minmay_temple_entry_overgrown, uniq_pikel,
          uniq_edmund
D:6:      layout_basic, nicolae_overflow_two_pavilions,
          minmay_fractal_squares_5, uniq_duvessa
D:7:      layout_basic, enter_ossuary_5
D:8:      minmay_goldmine, layout_loops_ring, nicolae_shop_fire_sale
          [nicolae_sub_dead_trees]
D:9:      layout_irregular_city, mainiacjoe_overflow_catwalk, serial_shops,
          nicolae_shop_hallway_plus, grunt_ministairs_9, uniq_erica, uniq_maggie
D:10:     layout_big_octagon, jmf_multi_god_temple2, lair_entry_dummy,
          serial_shops, nicolae_take_the_stairs, shop
Temple:   hellmonk_temple_forest_ring
Lair:1:   layout_misc_corridors, ebering_ghost_funeral_grove,
          grunt_forest_large_clearings
Lair:2:   layout_gridlike, swamp_mist, minmay_snake_entry_guardpost_medium,
          beast_lair_carwin_6, grunt_megastairs_3, lemuel_fruit_fields
Lair:3:   layout_regular_city
Lair:4:   layout_big_grid

Skill      XL: |  1  2  3  4  5  6  7  8  9 10 11 12 |
---------------+-------------------------------------+-----
Spellcasting   | 3 4 5 6 8 10 12 13 | 13.9
Conjurations   | 5 6 7 9 11 13 15 | 15.4
Axes           | 4 6 |  6.5
Dodging        | |  1.7
Stealth        | |  1.7

Action                     |  1- 3 |  4- 6 |  7- 9 | 10-12 | 13-15 || total
---------------------------+-------+-------+-------+-------+-------++-------
  Melee: Unarmed           |    37 |       |       |       |       ||    37
         Touch             |     9 |     5 |       |     4 |       ||    18
         Dagger            |       |    19 |       |       |       ||    19
         Battleaxe         |       |     4 |   215 |    69 |       ||   288
         Rapier            |       |       |       |    22 |       ||    22
         Eveningstar       |       |       |       |     3 |       ||     3
  Throw: Dart              |       |       |     8 |    14 |       ||    22
   Cast: Magic Dart        |    46 |   140 |   313 |   393 |    15 ||   907
         Momentum Strike   |       |       |     9 |     2 |       ||    11
         Iskenderun's Myst |       |       |     3 |   118 |     8 ||   129
         Irradiate         |       |       |       |    32 |     2 ||    34
         Fulminant Prism   |       |       |       |     8 |       ||     8
  Evoke: Wand              |       |     2 |    22 |    14 |       ||    38
    Use: Potion            |       |     3 |    10 |     2 |       ||    15
         Scroll            |       |     3 |    11 |       |       ||    14
   Stab: Sleeping          |       |     2 |     2 |     3 |       ||     7
         Paralysed         |       |     4 |     6 |       |       ||    10
 Armour: Robe              |    11 |     7 |    65 |    44 |       ||   127
  Dodge: Dodged            |    29 |    30 |   136 |   146 |     4 ||   345

Table legend: (Time is in decaauts)
 A = Elapsed time spent in this place.
 B = Non-inter-level travel time spent in this place.
 C = Inter-level travel time spent in this place.
 D = Time resting spent in this place.
 E = Time spent auto-exploring this place.
 F = Levels seen in this place.
 G = Mean time per level.
                   A        B        C        D        E       F      G
               +--------+--------+--------+--------+--------+-----+--------+
         Total |  17467 |  16951 |    516 |    993 |  13318 |  16 | 1091.7 |
       Dungeon |  13491 |  13045 |    446 |    993 |  10177 |  10 | 1349.1 |
        Temple |    210 |    186 |     24 |      0 |    176 |   1 |  210.0 |
          Lair |   3121 |   3075 |     46 |      0 |   2526 |   4 |  780.2 |
       Ossuary |    644 |    644 |      0 |      0 |    439 |   1 |  644.0 |
               +--------+--------+--------+--------+--------+-----+--------+

Top non-repeatable levels by time:
     D:8: 1701 daAuts
     D:6: 1650 daAuts
    D:10: 1539 daAuts
     D:4: 1505 daAuts
     D:3: 1471 daAuts
  Lair:2: 1342 daAuts
     D:7: 1291 daAuts
     D:5: 1174 daAuts
  Lair:1: 1115 daAuts
     D:9: 1099 daAuts
     D:2: 1061 daAuts
     D:1: 995 daAuts
 Ossuary: 644 daAuts
  Lair:3: 539 daAuts
  Temple: 210 daAuts
